 Dungeon Crawl Stone Soup version 0.29-a0-553-g81b289dbe5 (webtiles) character file.

Game seed: 8055361360803153500

148 valliere the Gusty (level 5, -2/28 HPs)
             Began as a Tengu Air Elementalist on June 6, 2022.
             Was a Priest of Lugonu.
             Asphyxiated
             ... in a sewer.
             The game lasted 00:13:09 (2468 turns).

valliere the Gusty (Tengu Air Elementalist)         Turns: 2468, Time: 00:13:10

Health: -2/28      AC:  2    Str:  9    XL:     5   Next: 30%
Magic:  0/9        EV: 15    Int: 23    God:    Lugonu [***...]
Gold:   104        SH:  0    Dex: 14    Spells: 5/8 levels left

rFire   + . .      SeeInvis .   f - +0 dagger
rCold   . . .      Faith    .   (no shield)
rNeg    . . .      Spirit   .   a - +0 robe
rPois   .          Reflect  .   (helmet restricted)
rElec   .          Harm     .   q - scarf {+Inv}
rCorr   +          Rampage  .   (no gloves)
Will    .....                   (boots unavailable)
Stlth   +++.......              (no amulet)
HPRegen 0.09/turn               k - +6 ring of intelligence
MPRegen 0.11/turn               t - ring of Nacreofi {rF+ rCorr Slay+3 Stlth+}

@: lethally poisoned (-2 -> -29), flying quickly and evasively, slowed, very
slow
A: beak, talons 3, nimble flight
a: Renounce Religion, Evoke Invisibility, Depart the Abyss, Bend Space, Banish


You were in a sewer.
You worshipped Lugonu.
Lugonu was most pleased with you.
You visited 1 branch of the dungeon, and saw 3 of its levels.
You also visited: Sewer.

You collected 104 gold pieces.

Inventory:

Hand Weapons
 f - a +0 dagger (weapon)
Armour
 a - a +0 robe (worn)
 m - a +0 cloak
 q - a scarf of invisibility (worn)
Jewellery
 e - a ring of willpower
 k - a +6 ring of intelligence (left hand)
 o - a ring of see invisible
 t - the ring of Nacreofi (right hand) {rF+ rCorr Slay+3 Stlth+}
   (You found it on level 3 of the Dungeon)

   [ring of protection from fire]

   Slay:      It affects your accuracy & damage with ranged weapons and melee
   (+3).
   rF:        It protects you from fire.
   rCorr:     It protects you from acid and corrosion.
   Stlth:     It makes you more stealthy.
Wands
 s - a wand of flame (22)
Scrolls
 d - a scroll of blinking {unknown}
 i - 2 scrolls of teleportation {unknown}
 l - a scroll of immolation {unknown}
 n - a scroll of torment {unknown}
 r - a scroll of summoning {unknown}
 v - a scroll of enchant armour {unknown}
Potions
 b - a potion of magic
 c - 2 potions of curing
 g - a potion of lignification {unknown}
 h - 3 potions of degeneration {unknown}
 j - a potion of invisibility {unknown}
 p - a potion of mutation {unknown}
 u - a potion of flight {unknown}


   Skills:
 + Level 3.4 Dodging
 + Level 3.2 Stealth
 - Level 2.0 Spellcasting
 + Level 3.5 Conjurations
 + Level 5.2 Air Magic


You had 5 spell levels left.
You knew the following spells:

 Your Spells              Type           Power      Damage    Failure   Level
a - Shock                 Conj/Air       88%        1d8       2%          1
b - Static Discharge      Conj/Air       22%        N/A       3%          2

Your spell library contained the following spells:

 Spells                   Type           Power      Damage    Failure   Level
 Swiftness                Air            26%        N/A       4%          3
 Slow                     Hex            8%         N/A       13%         1
 Summon Small Mammal      Summ           8%         N/A       13%         1
 Airstrike                Air            13%        N/A       16%         4
 Call Canine Familiar     Summ           2%         N/A       36%         3
 Confusing Touch          Hex            2%         N/A       36%         3
 Summon Guardian Golem    Hex/Summ       2%         N/A       36%         3
 Vampiric Draining        Necr           2%         2d6       36%         3


Dungeon Overview and Level Annotations

Branches:
Dungeon (3/15)              Sewer (1/1)

Altars:
Ru
Lugonu


Innate Abilities, Weirdness & Mutations

You have a beak for a mouth.
You have claws for feet.
Your magical nature lets you fly swiftly and evasively.


Message History

The kobold brigand is heavily wounded.
The kobold brigand throws a curare-tipped dart.
The curare-tipped dart hits you.
You are poisoned.
You have difficulty breathing.
You feel yourself slow down.
* * * LOW HITPOINT WARNING * * *
You feel very sick.
The kobold brigand throws a curare-tipped dart.
The curare-tipped dart misses you.
It was a potion of curing.
You feel better.
Unknown command.
Casting: Shock (safe; 2% risk of failure)
Confirm with . or Enter, or press ? or * to list all spells.
Aiming: Shock (safe; 2% risk of failure)
Press: ? - help, Shift-Dir - straight line, f/p - kobold brigand
Aim: a kobold brigand, wielding a +0 club and quivering curare-tipped darts (heavily wounded, 67% to hit)
The zap hits the kobold brigand.
The kobold brigand is heavily wounded.
The kobold brigand throws a curare-tipped dart.
The curare-tipped dart misses you.
Casting: Shock (safe; 2% risk of failure)
Confirm with . or Enter, or press ? or * to list all spells.
Aiming: Shock (safe; 2% risk of failure)
Press: ? - help, Shift-Dir - straight line, f/p - kobold brigand
Aim: a kobold brigand, wielding a +0 club and quivering curare-tipped darts (heavily wounded, 67% to hit)
The zap hits the kobold brigand.
The kobold brigand is severely wounded.
Okay, then.
The kobold brigand throws a curare-tipped dart.
The curare-tipped dart hits you.
You are lethally poisoned!
You have difficulty breathing.
You feel as though you will be slow longer.
* * * LOW HITPOINT WARNING * * *
You feel very sick.
The kobold brigand throws a curare-tipped dart.
The curare-tipped dart hits you.
You are more poisoned.
You have difficulty breathing.
You die...

### #∩# ############ ##
###.###..≈...≈≈..# .##
###...).≈@...≈≈≈≈≈)#...#.#
≈≈≈≈≈≈≈≈≈≈≈≈≈≈≈≈≈≈≈.#....##
≈≈≈≈≈≈≈≈≈≈≈≈≈≈≈≈≈≈≈≈≈......#
≈≈≈≈≈≈≈≈≈≈≈≈≈≈≈≈≈≈≈≈)#...
#####.....≈.≈≈≈≈≈≈≈.≈#
#######≈≈≈.≈..K≈.#
##≈######### #≈# #≈#


You could see a kobold brigand.

Vanquished Creatures
  A kobold brigand (Sewer)
  An adder (D:2)
  A worm (D:2)
  8 endoplasms
  6 giant cockroaches
  5 goblins
  5 hobgoblins
  7 kobolds
  5 quokkas
  2 ball pythons (D:2)
  2 bats
  7 frilled lizards
  13 rats
63 creatures vanquished.

Notes
Turn   | Place    | Note
-------+----------+-------------------------------------------
     0 | D:1      | valliere the Tengu Air Elementalist began the quest for the
                  | Orb.
     0 | D:1      | Reached XP level 1. HP: 10/10 MP: 4/4
     3 | D:1      | Noticed an electric eel
     4 | D:1      | Noticed an electric eel
   181 | D:1      | Reached XP level 2. HP: 14/15 MP: 0/6
   413 | D:1      | Found a faded altar of an unknown god.
   422 | D:1      | Prayed at the altar of an unknown god.
   422 | D:1      | Became a worshipper of Lugonu the Unformed
   422 | D:1      | Reached * piety under Lugonu
   422 | D:1      | Reached ** piety under Lugonu
   444 | D:1      | Learned a level 2 spell: Static Discharge
   954 | D:2      | Reached XP level 3. HP: 19/19 MP: 2/7
  2087 | D:3      | Reached XP level 4. HP: 24/24 MP: 5/8
  2124 | D:3      | Identified the ring of Nacreofi {rF+ rCorr Slay+3 Stlth+}
  2132 | D:3      | Reached *** piety under Lugonu
  2147 | D:3      | Found a sacrificial altar of Ru.
  2230 | D:3      | Found a glowing drain.
  2243 | Sewer    | Entered a sewer
  2373 | Sewer    | Noticed a kobold brigand
  2377 | Sewer    | Noticed a kobold brigand
  2384 | Sewer    | Killed a kobold brigand
  2385 | Sewer    | Reached skill level 5 in Air Magic
  2385 | Sewer    | Gained mutation: Your magical nature lets you fly swiftly
                  | and evasively. [Tengu growth]
  2385 | Sewer    | Reached XP level 5. HP: 26/28 MP: 0/9
  2468 | Sewer    | Asphyxiated

Illustrated notes

Levels and vault maps discovered:
D:1:      arrival_aquarium_b, layout_rooms, ebering_ecumenical_altar_ruins
D:2:      layout_basic, minmay_nonomino_d4
D:3:      kennysheep_big_flooded_room, layout_basic, hangedman_ru_absence,
          nicolae_qazlal_eye_of_the_storm,
          chequers_temple_overflow_statue_of_worship, portal_sewer_entry_f,
          minmay_stone_trees_medium, minmay_misc_feat_square,
          pf_guarded_unrand_delatra
Sewer:    sewer_kobolds

Skill      XL: |  1  2  3  4 |
---------------+-------------+-----
Conjurations   | 2 3 |  3.5
Dodging        | 3 |  3.4
Stealth        | 3 |  3.2
Air Magic      | 5 |  5.2
Spellcasting   | |  2.0

Action                   |  1- 3 |  4- 6 || total
-------------------------+-------+-------++-------
Melee: Unarmed           |     3 |       ||     3
       Kick              |     3 |     1 ||     4
       Peck              |     4 |       ||     4
       Dagger            |    13 |     7 ||    20
 Cast: Shock             |    78 |    24 ||   102
       Static Discharge  |     3 |     5 ||     8
  Use: Potion            |       |     1 ||     1
Armor: Robe              |     2 |       ||     2
Dodge: Dodged            |    17 |    20 ||    37

Table legend: (Time is in decaauts)
 A = Elapsed time spent in this place.
 B = Non-inter-level travel time spent in this place.
 C = Inter-level travel time spent in this place.
 D = Time resting spent in this place.
 E = Time spent auto-exploring this place.
 F = Levels seen in this place.
 G = Mean time per level.
                   A        B        C        D        E       F      G
               +--------+--------+--------+--------+--------+-----+--------+
         Total |   2481 |   2454 |     27 |     22 |   1915 |   4 |  620.2 |
       Dungeon |   2242 |   2215 |     27 |      0 |   1848 |   3 |  747.3 |
         Sewer |    239 |    239 |      0 |     22 |     67 |   1 |  239.0 |
               +--------+--------+--------+--------+--------+-----+--------+

Top non-repeatable levels by time:
     D:2: 1266 daAuts
     D:1: 816 daAuts
   Sewer: 239 daAuts
     D:3: 159 daAuts
